 Dungeon Crawl Stone Soup version 0.30.1 (webtiles) character file.

Game seed: 15231688642592499803

2301 H0rd4k the Cudgeller (level 9, -6/66 HPs)
             Began as a Human Artificer on July 7, 2023.
             Was an Initiate of Gozag.
             Killed from afar by an electric eel (11 damage)
             ... with a bolt of electricity
             ... on level 8 of the Dungeon.
             The game lasted 00:08:27 (7276 turns).

H0rd4k the Cudgeller (Human Artificer)              Turns: 7276, Time: 00:08:29

Health: -6/66      AC:  5    Str: 12    XL:     9   Next: 67%
Magic:  9/9        EV: 18    Int: 16    God:    Gozag
Gold:   398        SH:  0    Dex: 14    Spells: 8/8 levels left

rFire   + . .        q - +2 whip (venom)
rCold   . . .        (no shield)
rNeg    . . .        b - +0 leather armour
rPois   .            (no helmet)
rElec   .            o - scarf {repulsion}
rCorr   .            h - +0 pair of gloves
SInv    .            m - +0 pair of boots
Will    .....        t - amulet of faith
Stlth   +++          n - ring of protection from fire
HPRegen 0.31/turn    c - +5 ring of evasion
MPRegen 0.11/turn

%: repel missiles, faith
@: brilliant, flying
A: no striking features
a: Renounce Religion, Potion Petition, Call Merchant, Bribe Branch


You were on level 8 of the Dungeon.
You worshipped Gozag.
Gozag was aware of your devotion.
You visited 2 branches of the dungeon, and saw 9 of its levels.

You collected 510 gold pieces.
You paid 112 gold pieces to Gozag.

Inventory:

Hand Weapons
 q - a +2 whip of venom (weapon)
 w - a +2 morningstar of flaming
 F - a +1 whip of pain
Missiles
 A - 7 poisoned darts (quivered)
Armour
 b - a +0 leather armour (worn)
 h - a +0 pair of gloves (worn)
 m - a +0 pair of boots (worn)
 o - a scarf of repulsion (worn)
Jewellery
 c - a +5 ring of evasion (right hand)
 n - a ring of protection from fire (left hand)
 t - an amulet of faith (around neck)
Wands
 d - a wand of charming (1)
 p - a wand of polymorph (7)
Scrolls
 a - 2 scrolls of amnesia {unknown}
 e - a scroll of vulnerability {unknown}
 f - a scroll of magic mapping {unknown}
 i - 6 scrolls of immolation {unknown}
 j - 10 scrolls of identify {unknown}
 l - 2 scrolls of noise {unknown}
 u - 4 scrolls of teleportation {unknown}
 y - a scroll of fear {unknown}
 C - a scroll of brand weapon {unknown}
 D - a scroll of enchant weapon {unknown}
 E - a scroll of poison {unknown}
Potions
 g - 2 potions of lignification {unknown}
 k - a potion of flight
 r - 2 potions of curing {unknown}
 s - a potion of degeneration {unknown}
 v - a potion of brilliance
 x - a potion of haste {unknown}
 z - a potion of magic {unknown}
 B - a potion of ambrosia {unknown}


   Skills:
 + Level 4.6 Fighting
 + Level 7.1 Maces & Flails
 + Level 0.4 Throwing
 - Level 2.0 Armour
 + Level 5.4 Dodging
 + Level 5.1 Stealth
 + Level 5.7 Evocations


You had 8 spell levels left.
You didn't know any spells.
Your spell library contained the following spells:

 Spells                   Type           Power      Damage    Failure   Level
 Kiss of Death            Conj/Necr      0%         2d5       32%         1
 Sandblast                Erth           0%         2d4       32%         1
 Sting                    Tmut/Pois      0%         1d3       32%         1
 Passwall                 Tmut/Erth      0%         N/A       43%         2
 Poisonous Vapours        Pois/Air       0%         N/A       43%         2
 Confusing Touch          Hex            0%         N/A       67%         3
 Frozen Ramparts          Ice            0%         1d1       67%         3
 Stone Arrow              Conj/Erth      0%         3d7       67%         3
 Vhi's Electric Charge    Tloc/Air       0%         N/A       67%         3
 Dispel Undead            Necr           0%         3d6       97%         4
 Ice Form                 Ice/Tmut       0%         N/A       97%         4
 Olgreb's Toxic Radiance  Pois           0%         N/A       97%         4
 Summon Ice Beast         Ice/Summ       0%         N/A       97%         4
 Arcjolt                  Conj/Air       0%         1d10      100%        5
 Plasma Beam              Fire/Air       0%         2x1d11    100%        6


Dungeon Overview and Level Annotations

Branches:
Dungeon (8/15)             Temple (1/1) D:7            Lair (0/5) D:8

Altars:
Cheibriados
Elyvilon
Fedhas
Gozag
Hepliaklqana
Nemelex Xobeh
Okawaru
Qazlal
Sif Muna
Trog
Uskayaw
Vehumet
Wu Jian
Xom
Yredelemnul
Zin
The Shining One

Shops:
D:4 :


Message History

The gnoll moves out of view.
A gnoll, an ice beast and an orc come into view.
The gnoll shouts!
You hear a shout!
The electric eel shoots out a bolt of lightning at you!
The bolt of electricity hits you.
The wolf howls!
A gnoll sergeant comes into view. It is wielding a +2 antimagic spear.
The gnoll sergeant shouts!
You hear a shout!
The wolf misses you.
The electric eel shoots out a bolt of lightning at you!
The bolt of electricity is repelled.
A gnoll comes into view. It is wielding a +0 club.
A gnoll comes into view. It is wielding a +3 halberd.
The wolf bites you! The wolf misses you.
Found a +0 whip.
Found a stone staircase leading up.
The wolf misses you. The wolf bites you. The wolf attacks as you move away!
The wolf bites you! The wolf attacks as you move away! The wolf bites you.
The wolf bites you!
* * * LOW HITPOINT WARNING * * *
The wolf attacks as you move away! The wolf closely misses you.
The wolf completely misses you. The wolf bites you but does no damage.
The wolf attacks as you move away! The wolf bites you!
* * * LOW HITPOINT WARNING * * *
The gnoll hits you from afar with a +0 spear.
* * * LOW HITPOINT WARNING * * *
It was a potion of brilliance.
You feel clever all of a sudden. The wolf misses you.
The wolf barely misses you. The gnoll completely misses you.
Okay, then.
Okay, then.
It was a potion of flight.
You feel very buoyant.
You fly up into the air.
The wolf barely misses you.
The electric eel shoots out a bolt of lightning at you!
The bolt of electricity misses the gnoll.
The bolt of electricity hits you!
You die...
Your body crumbles into a pile of gold.

###### #....# ###.##.# $
$ ....##.### .
######...###########....
.....###.##....h@....#
####.# #.##..........# #
.. #.##...ggg....# .
####.#.##o..Y.g.......
....~........g......###.
.S...................#
.~≈S.~~..S~~......)..#
~~≈~~~~~~~≈≈~.....<..#
~≈~..~≈~~≈≈~≈~........


You could see an ice beast, a gnoll sergeant, a wolf, an electric eel, 4 gnolls
and an orc.

Vanquished Creatures
  A yak (D:4)
  2 ice beasts (D:5)
  2 orc warriors
  A black bear (D:7)
  An ogre (D:3)
  2 kobold brigands
  A bullfrog (D:6)
  3 scorpions
  A howler monkey (D:5)
  3 hounds
  A jelly (D:4)
  3 orc priests
  A gnoll bouda (D:7)
  A sleepcap (D:7)
  2 orc wizards (D:7)
  5 iguanas
  21 gnolls
  4 adders
  A shadow imp (D:7)
  A worm (D:3)
  4 dart slugs
  23 orcs
  5 bats
  5 endoplasms
  2 giant cockroaches
  8 goblins
  2 hobgoblins (D:1)
  4 quokkas
  7 ball pythons
  4 frilled lizards
  8 kobolds
  6 rats
135 creatures vanquished.

Vanquished Creatures (collateral kills)
  A yak (D:4)
  A wolf (D:8)
  A hound (D:8)
  An orc priest (D:8)
  3 orc wizards (D:8)
  3 gnolls
  An adder (D:3)
  3 orcs (D:8)
  A hobgoblin (D:3)
  2 kobolds (D:1)
17 creatures vanquished.

Vanquished Creatures (others)
  A yak (D:4)
  2 gnoll sergeants
  An orc priest (D:8)
  A gnoll (D:3)
  An orc (D:8)
6 creatures vanquished.

Grand Total: 158 creatures vanquished

Notes
Turn   | Place    | Note
-------+----------+-------------------------------------------
     0 | D:1      | H0rd4k the Human Artificer began the quest for the Orb.
     0 | D:1      | Reached XP level 1. HP: 15/15 MP: 1/1
    94 | D:1      | Reached XP level 2. HP: 20/21 MP: 2/2
   499 | D:1      | Reached XP level 3. HP: 19/26 MP: 3/3
   958 | D:1      | Reached skill level 1 in Maces & Flails
   958 | D:1      | Reached XP level 4. HP: 26/32 MP: 4/4
  1347 | D:2      | Reached XP level 5. HP: 9/37 MP: 5/5
  1825 | D:3      | Reached skill level 2 in Maces & Flails
  2066 | D:3      | Noticed an ogre
  2072 | D:3      | Killed an ogre
  2073 | D:3      | Reached XP level 6. HP: 44/44 MP: 6/6
  2409 | D:4      | Noticed a yak
  2410 | D:4      | Noticed a yak
  2411 | D:4      | Noticed a yak
  2429 | D:4      | Killed a yak
  2430 | D:4      | Reached skill level 3 in Maces & Flails
  2430 | D:4      | Reached XP level 7. HP: 45/51 MP: 7/7
  2519 | D:4      | Killed a yak
  2520 | D:4      | Reached skill level 5 in Evocations
  2663 | D:4      | Found Pawnas's Self-Improvement Boutique.
  3065 | D:5      | Entered Level 5 of the Dungeon
  3440 | D:5      | Found an ornate altar of the Wu Jian Council.
  3440 | D:5      | Found a glowing silver altar of Zin.
  3465 | D:5      | Reached XP level 8. HP: 55/58 MP: 8/8
  3551 | D:5      | Found a stormy altar of Qazlal.
  3552 | D:5      | Found a hide-covered altar of Uskayaw.
  3553 | D:5      | Found a hazy altar of Hepliaklqana.
  3584 | D:5      | Reached skill level 4 in Maces & Flails
  3847 | D:5      | Found a radiant altar of Vehumet.
  3847 | D:5      | Found a white marble altar of Elyvilon.
  3848 | D:5      | Found a sparkling altar of Nemelex Xobeh.
  3900 | D:5      | Found a shimmering blue altar of Sif Muna.
  4566 | D:6      | Reached skill level 5 in Maces & Flails
  5217 | D:7      | Reached XP level 9. HP: 63/65 MP: 9/9
  5367 | D:7      | Reached skill level 6 in Maces & Flails
  5673 | D:7      | Reached skill level 5 in Dodging
  5998 | D:7      | Found a staircase to the Ecumenical Temple.
  6031 | Temple   | Entered the Ecumenical Temple
  6131 | Temple   | Became a worshipper of Gozag Ym Sagoz the Greedy
  6947 | D:8      | Found a staircase to the Lair.
  6986 | D:8      | Reached skill level 5 in Stealth
  7162 | D:8      | Reached skill level 7 in Maces & Flails
  7276 | D:8      | Killed from afar by an electric eel

Illustrated notes

Levels and vault maps discovered:
D:1:      sevenhm_arrival_forest_fort_small_3, layout_basic
D:2:      layout_basic
D:3:      layout_basic, serial_corexii_hall, corexii_hall_statues_t,
          corexii_hall_statues_i
D:4:      layout_loops_ring, st_stairs_7, nicolae_shop_self_help
D:5:      layout_basic, nicolae_overflow_hidden_temple,
          nicolae_sif_muna_condensation, grunt_temple_overflow_open, st_stairs_6
D:6:      layout_cave_pods, corexii_shack, chequers_avenue
D:7:      layout_layer_cave, minmay_temple_entry_wispy, minivault_23
D:8:      layout_basic, grunt_dithmenos_smoke,
          lemuel_mausoleum_altar_kikubaaqudgha, erik_lair_island,
          enter_bailey_3, minmay_misc_feat_diagonals, the_hattery,
          uniq_prince_ribbit1
Temple:   nicolae_temple_godpark

Skill      XL: |  1  2  3  4  5  6  7  8  9 |
---------------+----------------------------+-----
Evocations     | 4 5 |  5.7
Maces & Flails | 1 2 3 5 7 |  7.1
Dodging        | 2 3 4 5 |  5.4
Fighting       | 2 3 4 |  4.6
Stealth        | 2 3 4 5 |  5.1
Throwing       | |  0.4
Armour         | |  2.0

Action                     |  1- 3 |  4- 6 |  7- 9 || total
---------------------------+-------+-------+-------++-------
  Melee: Club              |   113 |   127 |       ||   240
         Punch             |     4 |     1 |     7 ||    12
         Whip              |       |     7 |   348 ||   355
  Throw: Dart              |       |       |     9 ||     9
  Evoke: Wand              |     7 |    16 |    12 ||    35
    Use: Potion            |       |       |     2 ||     2
   Stab: Sleeping          |     1 |     3 |    10 ||    14
         Distracted        |       |     1 |       ||     1
 Armour: Leather armour    |    49 |    49 |    37 ||   135
  Dodge: Dodged            |    91 |    83 |   248 ||   422
         Repelled          |       |       |     2 ||     2
